 Dungeon Crawl Stone Soup version 0.28.0-53-g5a82cb258f (webtiles) character file.

Game seed: 17231836043659816864

980 mcbry74 the Basher (level 7, 0/59 HPs)
             Began as a Minotaur Fighter on July 10, 2022.
             Engulfed by a cloud of steam (3 damage)
             ... on level 4 of the Dungeon.
             The game lasted 00:11:17 (3568 turns).

mcbry74 the Basher (Minotaur Fighter)               Turns: 3568, Time: 00:11:17

Health: 0/59       AC:  4    Str: 21      XL:     7   Next: 96%
Magic:  6/6        EV: 13    Int:  7      God:
Gold:   122        SH:  9    Dex: 14 (20) Spells: 6/6 levels left

rFire   . . .      SeeInvis .   d - +1 whip (freeze)
rCold   . . .      Faith    .   h - +0 kite shield
rNeg    . . .      Spirit   .   s - +1 leather armour of the Arcane {+Blink Dex+5}
rPois   .          Reflect  .   (helmet restricted)
rElec   .          Harm     .   (no cloak)
rCorr   .          Rampage  .   (no gloves)
Will    .....                   (no boots)
Stlth   +.........              (no amulet)
HPRegen 0.19/turn               j - +6 ring of dexterity
MPRegen 0.10/turn               u - +4 ring of evasion

@: no status effects
A: horns 2, retaliatory headbutt
a: Evoke Blink


You were on level 4 of the Dungeon.
You visited 1 branch of the dungeon, and saw 4 of its levels.

You collected 122 gold pieces.

Inventory:

Hand Weapons
 a - a +0 flail
 d - a +1 whip of freezing (weapon)
 f - a +0 hand axe
Missiles
 i - 34 sling bullets
 o - 2 poisoned darts
 q - 2 boomerangs (quivered)
Armour
 b - a +0 scale mail
 c - a +0 buckler
 h - a +0 kite shield (worn)
 n - a +0 chain mail
 s - the +1 leather armour of the Arcane (worn) {+Blink Dex+5}
   (You found it on level 4 of the Dungeon)

   Dex:       It affects your dexterity (+5).
   +Blink:    It lets you blink.
Jewellery
 j - a +6 ring of dexterity (left hand)
 u - a +4 ring of evasion (right hand)
 v - a +6 ring of dexterity
Scrolls
 m - a scroll of blinking
 r - a scroll of immolation
 w - a scroll of fog
 x - a scroll of brand weapon
Potions
 g - 3 potions of attraction
 k - a potion of curing
 l - 2 potions of brilliance
 p - a potion of magic
 t - a potion of invisibility {unknown}


   Skills:
 - Level 4.0 Fighting
 * Level 8.6 Maces & Flails
 + Level 2.6 Throwing
 + Level 6.5 Armour
 - Level 4.0 Shields
 + Level 0.8 Evocations


You had 6 spell levels left.
You didn't know any spells.
Your spell library contained the following spells:

 Spells                   Type           Power      Damage    Failure   Level
 Freezing Cloud           Conj/Ice/Air   0%         6-21      100%        5
 Simulacrum               Ice/Necr       0%         N/A       100%        6
 Polar Vortex             Ice            0%         N/A       100%        9


Dungeon Overview and Level Annotations

Branches:
Dungeon (4/15)
 Temple: D:4-7

Altars:
Hepliaklqana

Annotations:
D:4 445me's ghost, amateur GnWn


Innate Abilities, Weirdness & Mutations

You have a pair of horns on your head.
You reflexively headbutt those who attack you in melee.


Message History

You hit the steam dragon but do no damage.
The steam dragon is lightly wounded.
You are engulfed in a cloud of scalding steam.
The steam dragon barely misses you. x2
You hit the steam dragon but do no damage.
The steam dragon is lightly wounded.
The steam dragon closely misses you. You furiously retaliate!
You headbutt the steam dragon!
The steam dragon claws you but does no damage.
You hit the steam dragon but do no damage.
The steam dragon is heavily wounded.
You block the steam dragon's attack. The steam dragon barely misses you.
You closely miss the steam dragon.
The steam dragon is heavily wounded.
The steam dragon barely misses you. You block the steam dragon's attack.
You hit the steam dragon. You freeze the steam dragon.
You headbutt the steam dragon!
The steam dragon is severely wounded.
The orc priest looks satisfied for a moment.
You closely miss the steam dragon.
The steam dragon is severely wounded.
The steam dragon breathes steam at you. The ball of steam hits you!!
* * * LOW HITPOINT WARNING * * *
You completely miss the steam dragon.
The steam dragon is severely wounded.
You are engulfed in a cloud of scalding steam.
* * * LOW HITPOINT WARNING * * *
You block the steam dragon's attack.
The steam dragon claws you but does no damage.
You barely miss the steam dragon. You headbutt the steam dragon.
The steam dragon is almost dead.
You are engulfed in a cloud of scalding steam.
The steam dragon bites you.
* * * LOW HITPOINT WARNING * * *
You block the steam dragon's attack.
You hit the steam dragon. You freeze the steam dragon.
You kill the steam dragon!
You are engulfed in a cloud of scalding steam.
You die...

# ##.##.#...## #...#..### #
#.##......# #...#....#
########.........### #......).[
#..................###.....##..
#.##.####.....####.............
#.##.#..##...##..#.............
####.#...##.##...#.............
#...##...#.#...##†###....####.
##...##.)#§#)@##..# #.........
#....###.lg###...###...######
#........8§§......##...#
##...###..D###....##...#
#..##.'#.#'.##...##...######
#.##...#.#oJ.##............#
#.#...##.##...#....#.#.....# #
###.#$.##...##.?#.#..#.#.....#
##
#...####.....####.............


You could see an iguana and a hobgoblin.

Vanquished Creatures
  Pikel (D:3)
  Grinder (D:3)
  A steam dragon (D:4)
  A quasit (D:4)
  A hound (D:4)
  An orc priest (D:3)
  Terence (D:3)
  An orc wizard (D:3)
  A scorpion zombie (D:4)
  A howler monkey zombie (D:4)
  4 adders
  A gnoll (D:1)
  A white imp (D:4)
  A worm (D:3)
  A dart slug (D:1)
  9 orcs
  4 bats
  6 endoplasms
  3 giant cockroaches
  8 goblins
  8 hobgoblins
  4 jackals
  4 kobolds
  5 quokkas
  7 ball pythons
  2 frilled lizards
  4 rats
82 creatures vanquished.

Notes
Turn   | Place    | Note
-------+----------+-------------------------------------------
     0 | D:1      | mcbry74 the Minotaur Fighter began the quest for the Orb.
     0 | D:1      | Reached XP level 1. HP: 19/19 MP: 0/0
   257 | D:1      | Reached XP level 2. HP: 24/27 MP: 1/1
   353 | D:1      | Reached skill level 3 in Maces & Flails
   521 | D:1      | Reached XP level 3. HP: 33/33 MP: 2/2
  1120 | D:2      | Reached skill level 4 in Maces & Flails
  1156 | D:2      | Found a faded altar of an unknown god.
  1181 | D:2      | Reached XP level 4. HP: 40/40 MP: 3/3
  1620 | D:3      | Noticed Terence
  1627 | D:3      | Killed Terence
  1694 | D:3      | Found a hazy altar of Hepliaklqana.
  1704 | D:3      | Noticed Grinder
  1727 | D:3      | Paralysed by Grinder for 4 turns
  1736 | D:3      | Killed Grinder
  1737 | D:3      | Reached skill level 6 in Maces & Flails
  1737 | D:3      | Reached skill level 5 in Armour
  1737 | D:3      | Reached XP level 5. HP: 29/46 MP: 4/4
  1737 | D:3      | Reached XP level 6. HP: 33/52 MP: 5/5
  2124 | D:4      | Noticed Pikel
  2437 | D:3      | HP: 2/52 [Pikel/+1 whip of freezing (2)]
  2441 | D:3      | Killed Pikel
  2442 | D:3      | Reached skill level 8 in Maces & Flails
  2442 | D:3      | Reached XP level 7. HP: 3/59 MP: 6/6
  2805 | D:4      | Identified the +1 leather armour of the Arcane {+Blink
                  | Dex+5}
  3026 | D:4      | Noticed 445me's ghost (amateur GnWn)
  3028 | D:4      | Found a transporter.
  3047 | D:4      | Found a transporter.
  3550 | D:4      | Noticed a steam dragon
  3568 | D:4      | Killed a steam dragon
  3568 | D:4      | Engulfed by a cloud of steam

Illustrated notes

Levels and vault maps discovered:
D:1:      dpeg_arrival_lava_altar, layout_basic
D:2:      layout_basic, basic_ecumenical_altar
D:3:      layout_rooms, nicolae_hepliaklqana_hazy_memory, uniq_grinder,
          uniq_terence
D:4:      cheibrodos_barr_body, layout_loops_cross,
          nicolae_yredelemnul_corpse_copse, gammafunk_ghost_stat_death,
          eino_curves_01, nicolae_wormholes, uniq_pikel

Skill      XL: |  1  2  3  4  5  6 |
---------------+-------------------+-----
Maces & Flails | 3 4 6 8 |  8.6
Armour         | 4 5 6 |  6.5
Shields        | 4 |  4.0
Fighting       | 4 |  4.0
Throwing       | 2 |  2.6
Evocations     | |  0.8

Action                   |  1- 3 |  4- 6 |  7- 9 || total
-------------------------+-------+-------+-------++-------
Melee: Flail             |    57 |    83 |       ||   140
       Hand axe          |    21 |       |       ||    21
       Headbutt          |     7 |    12 |    17 ||    36
       Whip              |       |       |    83 ||    83
Throw: Boomerang         |       |       |     1 ||     1
  Use: Potion            |       |     2 |       ||     2
       Scroll            |       |       |     8 ||     8
 Stab: Sleeping          |       |       |     1 ||     1
Armor: Scale mail        |    47 |     1 |       ||    48
       Chain mail        |       |    37 |     3 ||    40
       Leather armour    |       |       |    33 ||    33
Dodge: Dodged            |    39 |    15 |    66 ||   120
Block: Buckler           |     5 |       |       ||     5
       Kite shield       |    34 |    28 |    54 ||   116
